 Dungeon Crawl Stone Soup version 0.29-a0-982-gaed3a0c8d8 (webtiles) character file.

Game seed: 2709715349949919270

1451 IdlyInterested the Chopper (level 8, -1/58 HPs)
             Began as a Demonspawn Fighter on Aug 1, 2022.
             Slain by an orc warrior
             ... wielding a +0 war axe
              (3 damage)
             ... on level 6 of the Dungeon.
             The game lasted 00:16:39 (4946 turns).

IdlyInterested the Chopper (Demonspawn Fighter)     Turns: 4946, Time: 00:16:39

Health: -1/58      AC: 13    Str: 19    XL:     8   Next: 47%
Magic:  8/8        EV: 10    Int:  9    God:
Gold:   774        SH:  5    Dex: 17    Spells: 7/7 levels left

rFire   + . .      SeeInvis .   a - +0 war axe
rCold   + . .      Faith    .   o - +0 buckler
rNeg    . . .      Spirit   .   w - +2 scale mail {rF+}
rPois   .          Reflect  .   p - +0 helmet
rElec   .          Harm     .   (no cloak)
rCorr   .          Rampage  +   f - +0 pair of gloves
Will    .....                   g - +0 pair of boots "Doat" {Rampage Dex+4 Slay+4}
Stlth   ..........              (no amulet)
HPRegen 0.19/turn               b - ring of protection from cold
MPRegen 0.11/turn               (no ring)

@: no status effects
A: claws 1, powered by death 1, sharp scales 1
a: no special abilities


You were on level 6 of the Dungeon.
You visited 1 branch of the dungeon, and saw 6 of its levels.
You also visited: Sewer.

You collected 1026 gold pieces.
You spent 252 gold pieces at shops.

Inventory:

Hand Weapons
 a - a +0 war axe (weapon)
 l - a +0 war axe
 v - the +9 whip of Hiusinil {vorpal, rElec rPois rN++ Dex+4}
   (You found it on level 4 of the Dungeon)

   It inflicts extra damage upon your enemies.
   Dex:       It affects your dexterity (+4).
   rElec:     It insulates you from electricity.
   rPois:     It protects you from poison.
   rN:        It greatly protects you from negative energy.
Missiles
 k - 6 boomerangs (quivered)
 m - 4 datura-tipped darts
 n - 8 poisoned darts
 u - 2 throwing nets
Armour
 e - a +0 plate armour
 f - a +0 pair of gloves (worn)
 g - the +0 pair of boots "Doat" (worn) {Rampage Dex+4 Slay+4}
   (You acquired it on level 5 of the Dungeon)

   Dex:       It affects your dexterity (+4).
   Slay:      It affects your accuracy & damage with ranged weapons and melee
   (+4).
   Rampage:   It bestows one free step when moving towards enemies.
 o - a +0 buckler (worn)
 p - a +0 helmet (worn)
 w - a +2 scale mail of fire resistance (worn)
Jewellery
 b - a ring of protection from cold (left hand)
Wands
 r - a wand of polymorph (12)
 y - a wand of digging (6)
Scrolls
 j - a scroll of blinking
 t - 2 scrolls of teleportation
Potions
 c - a potion of heal wounds
 d - 2 potions of lignification {unknown}
 h - a potion of ambrosia
 i - 2 potions of invisibility {unknown}
 q - a potion of brilliance
 s - a potion of haste
 x - a potion of curing
 z - a potion of magic
 A - a potion of resistance {unknown}


   Skills:
 - Level 3.0 Fighting
 * Level 7.5 Axes
 - Level 3.0 Throwing
 - Level 3.0 Armour
 - Level 3.0 Dodging
 + Level 4.3 Shields
 + Level 2.1 Evocations


You had 7 spell levels left.
You didn't know any spells.
Your spell library contained the following spells:

 Spells                   Type           Power      Damage    Failure   Level
 Dazzling Flash           Conj/Hex       0%         N/A       99%         3
 Olgreb's Toxic Radiance  Pois           0%         N/A       100%        4
 Agony                    Necr           0%         N/A       100%        5
 Silence                  Hex/Air        0%         N/A       100%        5
 Ozocubu's Refrigeration  Ice            0%         4d7       100%        7
 Ignition                 Fire           0%         3d3       100%        8


Dungeon Overview and Level Annotations

Branches:
Dungeon (6/15)              Sewer (visited)
 Temple: D:4-7

Altars:
Kikubaaqudgha
Ru
Uskayaw

Shops:
D:5 [


Innate Abilities, Weirdness & Mutations

You have sharp fingernails.
You regenerate a little health from kills.
You are partially covered in razor-sharp scales. (AC +1, Slay +1)


Message History

You barely miss the centaur.
The centaur is severely wounded.
The centaur hits you but does no damage.
The centaur kicks you.
The centaur hits you but does no damage.
The centaur completely misses you.
You hit the centaur.
The centaur is almost dead.
You slash the ogre! The centaur hits you. The centaur closely misses you.
The ogre closely misses you. The centaur misses you.
The centaur closely misses you.
You closely miss the centaur.
The centaur is almost dead.
You slash the ogre!
The centaur hits you but does no damage.
The centaur kicks you but does no damage.
You block the ogre's attack. The centaur closely misses you.
The centaur kicks you but does no damage.
You slash the centaur!
You kill the centaur!
You hit the ogre. You hit the ogre.
The ogre is almost dead.
The ogre hits you with a +0 giant club!
* * * LOW HITPOINT WARNING * * *
You barely miss the ogre.
The ogre is almost dead.
The ogre barely misses you.
An orc warrior comes into view. It is wielding a +0 war axe.
You slash the ogre!
You kill the ogre!
Your Evocations skill increases to level 2!
You feel much better.
You closely miss the orc warrior.
The orc warrior hits you with a +0 war axe!
You closely miss the orc warrior.
The orc warrior hits you with a +0 war axe!
* * * LOW HITPOINT WARNING * * *
The orc warrior hits you with a +0 war axe.
You die...

.......#.......#
#..............
#..............
#."............
#.......$#
###...#....#
##....#..#.##
##.)#.)).#....#
#..o@..))#....#
.....###.$....$.....
.#. #.......#.#..
#.##..........
#.#..####.....
#..?## #... #..# #..


You could see an orc warrior.

Vanquished Creatures
  A water moccasin (D:5)
  Pargi (Sewer)
  An orc warrior (D:3)
  3 ogres
  A centaur (D:6)
  4 scorpions
  A necrophage (D:5)
  4 wights (D:6)
  2 hounds
  A jelly (D:4)
  An orc wizard (D:4)
  Robin (D:3)
  4 gnolls (D:4)
  5 adders
  A worm (D:5)
  A dart slug (D:4)
  9 orcs
  5 endoplasms
  6 giant cockroaches
  10 goblins
  10 hobgoblins
  12 jackals
  11 kobolds
  6 quokkas
  6 ball pythons
  4 bats
  4 frilled lizards
  5 rats
120 creatures vanquished.

Notes
Turn   | Place    | Note
-------+----------+-------------------------------------------
     0 | D:1      | IdlyInterested the Demonspawn Fighter began the quest for
                  | the Orb.
     0 | D:1      | Reached XP level 1. HP: 18/18 MP: 1/1
    44 | D:1      | Reached skill level 2 in Axes
    91 | D:1      | Gained mutation: You are partially covered in razor-sharp
                  | scales. (AC +1, Slay +1) [demonic ancestry]
    91 | D:1      | Reached XP level 2. HP: 24/24 MP: 2/2
   301 | D:1      | You fall into a shaft and drop 1 floor!
   330 | D:2      | Reached skill level 1 in Dodging
   362 | D:2      | Found a faded altar of an unknown god.
   364 | D:2      | Gained mutation: You regenerate a little health from kills.
                  | [demonic ancestry]
   364 | D:2      | Reached XP level 3. HP: 24/29 MP: 3/3
   541 | D:1      | Reached skill level 3 in Axes
   675 | D:1      | Reached XP level 4. HP: 35/35 MP: 4/4
   995 | D:2      | Identified a scroll of acquirement
   995 | D:2      | Acquired 635 gold pieces
  1201 | D:3      | Noticed an orc warrior
  1215 | D:3      | Killed an orc warrior
  1216 | D:3      | Reached skill level 4 in Axes
  1216 | D:3      | Reached XP level 5. HP: 41/41 MP: 5/5
  1432 | D:3      | Noticed Robin
  1494 | D:3      | Found a glowing drain.
  1510 | Sewer    | Entered a sewer
  1548 | Sewer    | Noticed Pargi
  1555 | Sewer    | Killed Pargi
  1556 | Sewer    | Reached XP level 6. HP: 36/47 MP: 6/6
  1722 | D:3      | Killed Robin
  2056 | D:3      | Found a hide-covered altar of Uskayaw.
  2379 | D:4      | Reached skill level 5 in Axes
  2402 | D:4      | Identified the +9 whip of Hiusinil {vorpal, rElec rPois
                  | rN++ Dex+4}
  2436 | D:4      | Reached skill level 1 in Throwing
  3357 | D:4      | Found an ancient bone altar of Kikubaaqudgha.
  3644 | D:4      | Found a sacrificial altar of Ru.
  3648 | D:4      | Gained mutation: You have sharp fingernails. [demonic
                  | ancestry]
  3648 | D:4      | Reached XP level 7. HP: 45/52 MP: 7/7
  3929 | D:5      | Entered Level 5 of the Dungeon
  4050 | D:5      | Reached skill level 6 in Axes
  4289 | D:5      | Acquired the +0 pair of boots "Doat" {Rampage Dex+4 Slay+4}
  4578 | D:5      | Found Gyzoxel's Armour Boutique.
  4615 | D:5      | Reached XP level 8. HP: 54/58 MP: 8/8
  4805 | D:5      | Bought a +2 scale mail of fire resistance for 252 gold
                  | pieces
  4928 | D:6      | Reached skill level 7 in Axes
  4928 | D:6      | Reached skill level 1 in Evocations
  4946 | D:6      | HP: 2/58 [orc warrior/+0 war axe (17)]
  4946 | D:6      | Slain by an orc warrior

Illustrated notes

Levels and vault maps discovered:
D:1:      mushboom_english_gardens, layout_basic, st_stairs_3, hex_medium
D:2:      layout_rooms, chequers_ecumenical_altar_simple_redux
D:3:      layout_loops_ring, nicolae_uskayaw_murder_on_the_dancefloor,
          portal_sewer_entry_d, st_stairs_4, uniq_robin
D:4:      layout_layer_cave, nicolae_ru_awakened_eye,
          mainiacjoe_overflow_24_doors
D:5:      layout_rooms, serial_shops, shop, hangedman_decor_opposing
D:6:      layout_rooms, minmay_temple_entry_ruins, serial_shops,
          nicolae_shop_window_shopping, uniq_eustachio, uniq_pikel

Skill      XL: |  1  2  3  4  5  6  7  8 |
---------------+-------------------------+-----
Axes           | 2 3 4 5 6 7 |  7.5
Armour         | 3 |  3.0
Dodging        | 1 2 3 |  3.0
Throwing       | 1 3 |  3.0
Shields        | 3 4 |  4.3
Evocations     | 2 |  2.1
Fighting       | |  3.0

Action                   |  1- 3 |  4- 6 |  7- 9 || total
-------------------------+-------+-------+-------++-------
Melee: War axe           |   100 |   164 |    79 ||   343
  Use: Scroll            |       |    13 |     4 ||    17
       Potion            |       |     1 |     1 ||     2
Armor: Plate armour      |   113 |   145 |    51 ||   309
       Scale mail        |       |       |    12 ||    12
Dodge: Dodged            |    32 |    40 |    33 ||   105
Block: Buckler           |    30 |    34 |    22 ||    86

Table legend: (Time is in decaauts)
 A = Elapsed time spent in this place.
 B = Non-inter-level travel time spent in this place.
 C = Inter-level travel time spent in this place.
 D = Time resting spent in this place.
 E = Time spent auto-exploring this place.
 F = Levels seen in this place.
 G = Mean time per level.
                   A        B        C        D        E       F      G
               +--------+--------+--------+--------+--------+-----+--------+
         Total |   5067 |   4472 |    595 |    938 |   1992 |   7 |  723.9 |
       Dungeon |   4872 |   4277 |    595 |    900 |   1975 |   6 |  812.0 |
         Sewer |    195 |    195 |      0 |     38 |     17 |   1 |  195.0 |
               +--------+--------+--------+--------+--------+-----+--------+

Top non-repeatable levels by time:
     D:4: 1534 daAuts
     D:3: 1159 daAuts
     D:5: 872 daAuts
     D:1: 827 daAuts
     D:2: 438 daAuts
   Sewer: 195 daAuts
     D:6: 39 daAuts
